 Dungeon Crawl Stone Soup version 0.29.1-1-gd02db69 (webtiles) character file.

Game seed: 8686114134136527845

499 Kel the Chopper (level 7, -1/41 HPs)
             Began as a Gargoyle Berserker on Nov 25, 2022.
             Was a Priest of Trog.
             Slain by a gnoll sergeant
             ... wielding a +0 vampiric spear
              (6 damage)
             ... on level 5 of the Dungeon.
             The game lasted 00:05:06 (3774 turns).

Kel the Chopper (Gargoyle Berserker)                Turns: 3774, Time: 00:05:07

Health: -1/41      AC: 13    Str: 30    XL:     7   Next: 16%
Magic:  7/7        EV:  9    Int:  7    God:    Trog [***...]
Gold:   79         SH:  0    Dex: 12    Spells: 6/6 levels left

rFire   + + +      SeeInvis .   l - +5 whip of Nonod {freeze, *Slow rN+ Str+7 Dex+3}
rCold   + . .      Faith    +   (no shield)
rNeg    + + .      Spirit   .   d - +0 chain mail
rPois   ∞          Reflect  .   (no helmet)
rElec   +          Harm     +   q - scarf {rC+ rF+}
rCorr   .          Rampage  .   (no gloves)
Will    .....                   (no boots)
Stlth   ..........              o - amulet of the Tempest {Faith Harm rF+}
HPRegen 0.13/turn               e - ring of protection from fire
MPRegen 0.10/turn               (no ring)

@: on berserk cooldown
A: sickness immunity, AC +4, negative energy resistance 1, electricity
resistance, torment resistance 1, petrification resistance
a: Renounce Religion, Berserk, Trog's Hand


You were on level 5 of the Dungeon.
You worshipped Trog.
Trog was most pleased with you.
You visited 1 branch of the dungeon, and saw 5 of its levels.

You collected 239 gold pieces.
You spent 160 gold pieces at shops.

Inventory:

Hand Weapons
 a - a +0 hand axe
 l - the +5 whip of Nonod (weapon) {freeze, *Slow rN+ Str+7 Dex+3}
   (You took it off a goblin on level 2 of the Dungeon)

   It freezes those it strikes, dealing additional cold damage.
   It can also slow down cold-blooded creatures.
   Str:       It affects your strength (+7).
   Dex:       It affects your dexterity (+3).
   rN:        It protects you from negative energy.
   *Slow:     It may slow you when you take damage.
Armour
 d - a +0 chain mail (worn)
 q - a scarf of resistance (worn)
Jewellery
 e - a ring of protection from fire (left hand)
 o - the amulet of the Tempest (around neck) {Faith Harm rF+}
   (You bought it in a shop on level 4 of the Dungeon)

   [amulet of faith]

   It allows you to gain divine favour quickly.
   rF:        It protects you from fire.
   Harm:      It increases damage dealt and taken.
Scrolls
 b - a scroll of noise {unknown}
 g - a scroll of poison {unknown}
 h - 4 scrolls of enchant armour {unknown}
 i - 2 scrolls of fear {unknown}
 m - 4 scrolls of identify {unknown}
 n - a scroll of enchant weapon {unknown}
 p - 2 scrolls of teleportation {unknown}
 r - a scroll of vulnerability {unknown}
Potions
 c - 2 potions of curing {unknown}
 f - 2 potions of might {unknown}
 j - a potion of berserk rage {unknown}
 k - 2 potions of cancellation
 s - a potion of degeneration {unknown}


   Skills:
 - Level 3.2 Fighting
 + Level 7.2 Axes
 - Level 2.1 Armour
 - Level 1.5 Dodging


You had 6 spell levels left.
You didn't know any spells.
Your spell library was empty.

Dungeon Overview and Level Annotations

Branches:
Dungeon (5/15)
 Temple: D:4-7

Altars:
Vehumet
Wu Jian

Shops:
D:4 *

Annotations:
D:5 Dowan


Innate Abilities, Weirdness & Mutations

You are immune to sickness and miasma.
Your stone body is resilient. (AC +4)
You are immune to poison.
You resist negative energy. (rN+)
You are resistant to electric shocks. (rElec)
You are resistant to unholy torment.
You are immune to petrification.


Message History

Dowan gestures at you while chanting. The stone arrow misses you.
The gnoll hits you but does no damage.
The gnoll sergeant hits you but does no damage.
Dowan hits you but does no damage. The gnoll closely misses you.
The gnoll sergeant hits you from afar with a +0 vampiric spear.
Dowan casts a spell.
Dowan blinks!
The gnoll sergeant hits you from afar with a +0 vampiric spear.
The gnoll hits you with a +0 club. The gnoll hits you but does no damage.
The gnoll sergeant hits you from afar with a +0 vampiric spear.
The gnoll attacks as you move away! The gnoll hits you but does no damage.
The gnoll sergeant hits you but does no damage.
You hit the gnoll. You freeze the gnoll.
You kill the gnoll!
Trog accepts your kill.
The gnoll sergeant hits you but does no damage.
It was a potion of cancellation.
Your magical effects are unravelling.
You feel magically purged.
You feel yourself speed up.
Dowan gestures wildly while chanting.
Dowan blinks!
The gnoll sergeant hits you but does no damage.
The gnoll sergeant hits you from afar with a +0 vampiric spear!
* * * LOW HITPOINT WARNING * * *
You hit the gnoll but do no damage. You whack the gnoll! You freeze the gnoll.
You kill the gnoll!
Trog accepts your kill.
The gnoll sergeant hits you but does no damage.
The gnoll sergeant hits you with a +0 vampiric spear.
* * * LOW HITPOINT WARNING * * *
Dowan mumbles some strange words.
Dowan blinks!
You see here a +0 club.
You hit the gnoll sergeant. You freeze the gnoll sergeant.
The gnoll sergeant is moderately wounded.
The gnoll sergeant hits you with a +0 vampiric spear.
You die...

## .### ##...# #.
##..#.#
####.#..##.##
........#e).####..
#####..)@........#
#####g§.####.#
##.## #.# #.# #.#
... ###


You could see a gnoll sergeant and Dowan (fast).

Vanquished Creatures
  Duvessa (D:5)
  A phantom (D:4)
  An orc priest (D:4)
  A hound (D:4)
  A jelly (D:4)
  An orc wizard (D:4)
  6 adders
  8 gnolls
  A worm (D:3)
  3 dart slugs
  8 orcs
  3 ball pythons
  9 endoplasms
  3 giant cockroaches
  4 goblins
  7 hobgoblins
  A quokka (D:4)
  3 bats
  7 frilled lizards
  6 kobolds
  7 rats
82 creatures vanquished.

Notes
Turn   | Place    | Note
-------+----------+-------------------------------------------
     0 | D:1      | Kel the Gargoyle Berserker began the quest for the Orb.
     0 | D:1      | Reached XP level 1. HP: 14/14 MP: 1/1
   100 | D:1      | Found a faded altar of an unknown god.
   116 | D:1      | Reached skill level 3 in Axes
   169 | D:1      | Reached XP level 2. HP: 19/19 MP: 2/2
   714 | D:1      | Reached XP level 3. HP: 23/23 MP: 3/3
   863 | D:1      | Reached ** piety under Trog
  1420 | D:2      | Reached skill level 4 in Axes
  1443 | D:2      | Identified the +5 whip of Nonod {freeze, *Slow rN+ Str+7
                  | Dex+3}
  1473 | D:2      | Found a radiant altar of Vehumet.
  1612 | D:2      | Reached XP level 4. HP: 28/28 MP: 4/4
  2023 | D:3      | Reached skill level 5 in Axes
  2023 | D:3      | Reached XP level 5. HP: 22/32 MP: 5/5
  2912 | D:4      | Found Yddiopt's Assorted Antiques.
  2915 | D:4      | Bought a smoking crystal amulet for 160 gold pieces
  2915 | D:4      | Identified the amulet of the Tempest {Faith Harm rF+} (You
                  | bought it in a shop on level 4 of the Dungeon)
  3183 | D:4      | Reached *** piety under Trog
  3194 | D:4      | Reached skill level 6 in Axes
  3194 | D:4      | Reached XP level 6. HP: 29/37 MP: 6/6
  3270 | D:4      | Found an ornate altar of the Wu Jian Council.
  3749 | D:5      | Entered Level 5 of the Dungeon
  3749 | D:5      | Noticed Duvessa
  3749 | D:5      | Noticed Dowan
  3755 | D:5      | Killed Duvessa
  3756 | D:5      | Reached skill level 7 in Axes
  3756 | D:5      | Reached XP level 7. HP: 41/41 MP: 7/7
  3774 | D:5      | Slain by a gnoll sergeant

Illustrated notes

Levels and vault maps discovered:
D:1:      dpeg_arrival_ratfight, layout_basic, basic_ecumenical_altar,
          amcnicky_mini_pool_small
D:2:      layout_basic, basic_altar
D:3:      layout_loops_ring
D:4:      layout_basic, mainiacjoe_overflow_brackets, serial_shops,
          nicolae_stop_n_shop_2
D:5:      layout_loops_ring, nicolae_ru_path_of_blood, uniq_duvessa

Skill      XL: |  1  2  3  4  5  6 |
---------------+-------------------+-----
Axes           | 3 4 5 6 7 |  7.2
Fighting       | |  3.2
Armour         | |  2.1
Dodging        | |  1.5

Action                   |  1- 3 |  4- 6 |  7- 9 || total
-------------------------+-------+-------+-------++-------
Melee: Hand axe          |    83 |       |       ||    83
       Whip              |     3 |   116 |    13 ||   132
       Punch             |       |     2 |       ||     2
Invok: Berserk           |       |     1 |       ||     1
  Use: Potion            |       |       |     1 ||     1
Armor: Animal skin       |    10 |       |       ||    10
       Chain mail        |    38 |    68 |    14 ||   120
Dodge: Dodged            |    34 |    47 |    10 ||    91
